 Dungeon Crawl Stone Soup version 0.19.5 (webtiles) character file.

18837 tof the Fighter (level 12, -12/100 HPs)
             Began as a Demonspawn Gladiator on Mar 7, 2017.
             Was the Champion of Cheibriados.
             Mangled by a skeletal warrior
             ... wielding a +0 flail
              (14 damage)
             ... on level 12 of the Dungeon.
             The game lasted 00:53:15 (14615 turns).

tof the Fighter (Demonspawn Gladiator)             Turns: 14615, Time: 00:53:16

Health: -12/100    AC: 21    Str: 38    XL:     12   Next: 31%
Magic:  12/12      EV: 25    Int: 23    God:    Cheibriados [******]
Gold:   276        SH:  0    Dex: 37    Spells: 0 memorised, 11 levels left

rFire  + + +     SeeInvis .     a - +4 quarterstaff
rCold  . . .     Gourm    .     I - +5 ring mail {rPois}
rNeg   . . .     Faith    .     (shield currently unavailable)
rPois  +         Spirit   .     (helmet restricted)
rElec  +         Reflect  .     j - +2 cloak
rCorr  .         Harm     .     Q - +2 pair of gloves {Str+3}
MR     +....                    (no boots)
Stlth  +++.......               (no amulet)
                                L - ring of fire
                                K - ring of protection from magic

@: mighty, agile, very slightly contaminated, very slow
A: antennae 2, yellow scales 2, clumsy 1, cold resistance 1, dopey 1, fire
resistance 2, powered by pain 2, electricity resistance, slow regeneration 1,
rot immunity, MP-powered wands
a: Bend Time, Temporal Distortion, Slouch, Step From Time, Renounce Religion


You were on level 12 of the Dungeon.
You worshipped Cheibriados.
Cheibriados was exalted by your worship.
You were not hungry.

You visited 1 branch of the dungeon, and saw 12 of its levels.

You collected 678 gold pieces.
You spent 402 gold pieces at shops.

Inventory:

Hand Weapons
 a - a +4 quarterstaff (weapon)
 b - a +0 blowgun
Missiles
 d - 5 throwing nets
 i - 294 stones (quivered)
 l - 5 needles of confusion
 o - 4 javelins
 p - 13 poisoned needles
 w - 6 javelins of returning
Armour
 j - a +2 cloak (worn)
 n - a +0 troll leather armour
 I - a +5 ring mail of poison resistance (worn)
 J - a +3 leather armour
 Q - a +2 pair of gloves of strength (worn)
 S - a +3 leather armour of positive energy
Jewellery
 t - an uncursed ring of wizardry
 K - a ring of protection from magic (left hand)
 L - a ring of fire (right hand)
Wands
 m - a wand of slowing (31/48)
 u - a wand of confusion (20/48)
 B - a wand of lightning (10/15)
 N - a wand of disintegration (3/24)
 O - a wand of acid (3/15)
Scrolls
 c - 4 scrolls of immolation
 e - 8 scrolls of identify
 r - 8 scrolls of remove curse
 s - a scroll of amnesia
 v - 2 scrolls of noise
 E - a scroll of fear
 G - 3 scrolls of fog
 H - 2 scrolls of magic mapping
Potions
 g - a potion of curing
 q - 2 potions of agility
 x - a potion of brilliance
 D - a potion of might
 M - 3 potions of flight
Books
 y - a book of Summonings

   Spells                             Type                      Level
   a - Recall                         Summoning/Translocation      3
   b - Aura of Abjuration             Summoning                    5
   c - Summon Demon                   Summoning                    5
   d - Summon Forest                  Summoning/Translocation      5
   e - Summon Mana Viper              Hexes/Summoning              5
   f - Shadow Creatures               Summoning                    6
 R - a book of Geomancy

   Spells                             Type                      Level
   a - Sandblast                      Earth                        1
   b - Passwall                       Transmutation/Earth          2
   c - Stone Arrow                    Conjuration/Earth            3
   d - Petrify                        Transmutation/Earth          4
   e - Lee's Rapid Deconstruction     Earth                        5
Comestibles
 f - 6 bread rations
 h - 3 meat rations
 A - 3 beef jerkies
 C - 11 slices of pizza


   Skills:
 * Level 11.5 Fighting
 * Level 11.0 Staves
 + Level 6.7 Throwing
 + Level 8.1 Armour
 + Level 6.8 Dodging


You had 11 spell levels left.
You didn't know any spells.

Dungeon Overview and Level Annotations

Branches:
Dungeon (12/15)            Temple (0/1) D:7            Lair (0/6) D:9
    Orc (0/2) D:11

Altars:
Cheibriados
Elyvilon
Nemelex Xobeh
Qazlal
Sif Muna
Uskayaw
Yredelemnul
Beogh

Shops:
D:5 (   D:8 *   D:10 *

Annotations:
D:12 1 runed door


Innate Abilities, Weirdness & Mutations

You have a pair of antennae on your head.
You are mostly covered in yellow scales. (AC +3)
You sometimes gain power by taking damage.
You are immune to rotting.
You are clumsy. (Dex -2)
Your flesh is cold resistant. (rC+)
You are dopey. (Int -2)
Your flesh is very heat resistant. (rF++)
You are resistant to electric shocks. (rElec)
You regenerate slowly when monsters are visible.
You expend magic power (3 MP) to strengthen your wands.


Message History

You are too injured to fight recklessly!
You bludgeon the skeletal warrior!!
The skeletal warrior is moderately damaged.
You hit the skeletal warrior but do no damage.
The skeletal warrior is moderately damaged.
The skeletal warrior closely misses you.
You hit the skeletal warrior but do no damage.
The skeletal warrior is moderately damaged.
The skeletal warrior hits you with a flail.
* * * LOW HITPOINT WARNING * * *
The skeletal warrior barely misses you.
You can feel time thicken for a moment.
You feel somewhat more hungry.
The skeletal warrior hits you but does no damage.
The skeletal warrior hits you with a flail!
* * * LOW HITPOINT WARNING * * *
You focus on the pain.
You feel your power returning.
You fail to use your ability.
The skeletal warrior barely misses you.
The skeletal warrior completely misses you.
The skeletal warrior hits you with a flail!
You die...

........######.'...........'..)..
..###.........÷#...........#.....
.##A##.........#......###'##.....
###.###........########..........
###.+###.........................
.._..>#.........................
##.####.........................
# #.###......#####...............
.##>##..######..@z†.###z#........
..###...........z#z.#..z#........
+................#†.#...#........
#.#..............#..#...#.......^
..#...........>..#..#...#........
..#..#############..###'#........
..####.... ............z.........
.......... ......................
.......... ....>........#########


You could see 3 skeletal warriors.

Vanquished Creatures
  Harold (D:10)
  A hydra (D:11)
  2 skeletal warriors (D:12)
  A hill giant (D:11)
  An ugly thing (D:8)
  2 cyclopes (D:12)
  An elephant (D:9)
  2 centaur zombies (D:12)
  Joseph (D:9)
  A gargoyle (D:10)
  2 kobold demonologists (D:12)
  3 trolls
  3 hippogriffs
  A vampire (D:10)
  A wraith (D:12)
  2 shadows
  11 yaks
  Grum (D:10)
  4 hogs (D:7)
  A human (D:7)
  A soldier ant (D:10)
  7 ice beasts
  5 orc warriors
  5 phantoms
  4 sky beasts
  A black bear (D:10)
  An eye of draining (D:8)
  5 necrophages
  8 ogres
  4 wolves (D:10)
  5 centaurs
  2 crocodiles (D:9)
  3 big kobolds
  Blork the orc (D:5)
  10 bullfrogs
  A gnoll sergeant (D:12)
  4 scorpions
  10 killer bees
  16 wights
  4 electric eels (D:8)
  6 howler monkeys
  A bullfrog zombie (D:5)
  5 crimson imps
  4 jellies
  2 centaur skeletons
  6 hounds
  8 orc priests
  2 bullfrog skeletons
  An iguana (D:10)
  Terence (D:3)
  9 orc wizards
  8 worker ants
  2 killer bee zombies
  A worker ant zombie (D:11)
  9 gnolls
  11 adders
  3 shadow imps
  An adder zombie (D:5)
  4 adder skeletons
  2 worms (D:3)
  2 dart slugs
  7 leopard geckos
  84 orcs
  2 ball pythons
  5 giant cockroaches
  8 goblins
  8 hobgoblins
  11 jackals
  13 kobolds
  2 quokkas
  6 bats
  3 frilled lizards
  A leopard gecko skeleton (D:6)
  2 quokka zombies
  11 rats
390 creatures vanquished.

Vanquished Creatures (others)
  An adder (D:5)
1 creature vanquished.

Grand Total: 391 creatures vanquished

Notes
Turn   | Place    | Note
-------+----------+-------------------------------------------
     0 | D:1      | tof the Demonspawn Gladiator began the quest for the Orb.
     0 | D:1      | Reached XP level 1. HP: 16/16 MP: 1/1
    80 | D:1      | Gained mutation: You are immune to rotting. [demonic ancestry]
    80 | D:1      | Reached XP level 2. HP: 8/22 MP: 2/2
   952 | D:2      | Found a faded altar of an unknown god.
   974 | D:2      | Gained mutation: You are partially covered in yellow scales. (AC +2) [demonic ancestry]
   974 | D:2      | Reached XP level 3. HP: 28/28 MP: 3/3
  1117 | D:2      | Found a snail-covered altar of Cheibriados.
  1207 | D:2      | Became a worshipper of Cheibriados the Contemplative
  1267 | D:2      | Reached skill level 5 in Armour
  1267 | D:2      | Reached XP level 4. HP: 41/41 MP: 4/4
  1376 | D:2      | Found a deep blue altar of Sif Muna.
  1794 | D:3      | Noticed Terence
  1824 | D:3      | Killed Terence
  1824 | D:3      | Reached * piety under Cheibriados
  1824 | D:3      | Gained mutation: You have a pair of small antennae on your head. [demonic ancestry]
  1824 | D:3      | Reached XP level 5. HP: 47/47 MP: 5/5
  2652 | D:4      | Gained mutation: You sometimes gain a little power by taking damage. [demonic ancestry]
  2652 | D:4      | Reached XP level 6. HP: 50/53 MP: 6/6
  2930 | D:4      | Reached ** piety under Cheibriados
  3169 | D:4      | Reached XP level 7. HP: 51/60 MP: 7/7
  3766 | D:5      | Entered Level 5 of the Dungeon
  3859 | D:4      | Reached *** piety under Cheibriados
  4562 | D:5      | Noticed Blork the orc
  4583 | D:5      | Killed Blork the orc
  4583 | D:5      | Gained mutation: You sometimes gain power by taking damage. [demonic ancestry]
  4583 | D:5      | Reached XP level 8. HP: 29/68 MP: 8/8
  4799 | D:5      | Found a stormy altar of Qazlal.
  4916 | D:5      | Found Diddin's Antique Weapon Shop.
  5450 | D:6      | Reached **** piety under Cheibriados
  5616 | D:6      | Found a sparkling altar of Nemelex Xobeh.
  5853 | D:6      | Found a runed door.
  6267 | D:6      | Found a roughly hewn altar of Beogh.
  6313 | D:6      | Gained mutation: You are mostly covered in yellow scales. (AC +3) [demonic ancestry]
  6313 | D:6      | Reached XP level 9. HP: 75/75 MP: 9/9
  7179 | D:7      | Reached ***** piety under Cheibriados
  7564 | D:7      | Gained mutation: You are weak. (Str -2) [mutagenic meat]
  7565 | D:7      | Gained mutation: Your flesh is heat resistant. (rF+) [mutagenic meat]
  7566 | D:7      | Gained mutation: You are resistant to electric shocks. (rElec) [mutagenic meat]
  7567 | D:7      | Gained mutation: Scrolls take you a little longer to read. [mutagenic meat]
  7683 | D:7      | Found a staircase to the Ecumenical Temple.
  7689 | D:7      | Reached XP level 10. HP: 82/83 MP: 10/10
  7821 | D:8      | Found a hide-covered altar of Uskayaw.
  7821 | D:8      | Found a basalt altar of Yredelemnul.
  8003 | D:8      | Noticed a purple ugly thing
  8021 | D:8      | Killed a purple ugly thing
  8021 | D:8      | Reached skill level 5 in Dodging
  8076 | D:8      | Lost mutation: You are weak. (Str -2) [mutagenic meat]
  8077 | D:8      | Gained mutation: Your flesh is very heat resistant. (rF++) [mutagenic meat]
  8331 | D:8      | Found Nisooc's Changing Room.
  8617 | D:8      | Gained mutation: You expend magic power (3 MP) to strengthen your wands. [potion of mutation]
  8617 | D:8      | Gained mutation: You regenerate slowly when monsters are visible. [potion of mutation]
  8617 | D:8      | Gained mutation: You are dopey. (Int -2) [potion of mutation]
  8737 | D:5      | Bought a runed blowgun for 297 gold pieces
  8828 | D:8      | Gained mutation: You have a pair of antennae on your head. [mutagenic meat]
  9751 | D:9      | Reached skill level 5 in Throwing
  9946 | D:9      | Found a staircase to the Lair.
  9992 | D:9      | Noticed an elephant
 10059 | D:9      | Killed an elephant
 10226 | D:9      | Noticed Joseph
 10255 | D:9      | Killed Joseph
 10255 | D:9      | Reached ****** piety under Cheibriados
 10255 | D:9      | Reached XP level 11. HP: 79/90 MP: 11/11
 10310 | D:9      | Reached skill level 10 in Fighting
 10424 | D:10     | Entered Level 10 of the Dungeon
 10707 | D:10     | Noticed Grum
 10721 | D:10     | Killed Grum
 11372 | D:10     | Found Teyjyib's General Store.
 11376 | D:10     | Bought a scroll of enchant weapon for 105 gold pieces
 11793 | D:11     | Found a staircase to the Orcish Mines.
 12033 | D:11     | Noticed a four-headed hydra
 12046 | D:11     | Killed a four-headed hydra
 12046 | D:11     | Reached skill level 10 in Staves
 12239 | D:11     | Noticed Harold
 12384 | D:10     | Killed Harold
 12534 | D:11     | Lost mutation: Scrolls take you a little longer to read. [potion of mutation]
 12738 | D:11     | Noticed a hill giant
 12754 | D:11     | Killed a hill giant
 13032 | D:12     | Gained mutation: You are clumsy. (Dex -2) [mutagenic meat]
 13033 | D:12     | Gained mutation: Your flesh is cold resistant. (rC+) [mutagenic meat]
 13087 | D:12     | Found a runed door.
 13087 | D:12     | Found a white marble altar of Elyvilon.
 13087 | D:12     | Noticed an angel
 13299 | D:12     | Reached XP level 12. HP: 86/100 MP: 12/12
 13889 | D:12     | HP: 5/100 [skeletal warrior/dire flail[a skeletal warrior] (12)]
 14614 | D:12     | HP: 2/100 [skeletal warrior/flail (17)]
 14615 | D:12     | Mangled by a skeletal warrior

Skill      XL: |  1  2  3  4  5  6  7  8  9 10 11 12 |
---------------+-------------------------------------+-----
Staves         | 3 6 7 8 9 10 11 | 11.0
Dodging        | 3 4 5 6 |  6.8
Fighting       | 6 7 8 9 11 | 11.5
Armour         | 5 6 7 8 |  8.1
Throwing       | 2 3 4 5 6 |  6.7

Action                   |  1- 3 |  4- 6 |  7- 9 | 10-12 || total
-------------------------+-------+-------+-------+-------++-------
Melee: Quarterstaff      |    80 |   150 |   464 |   776 ||  1470
 Fire: Blowgun           |       |       |     7 |    69 ||    76
Throw: Stone             |    24 |    17 |     5 |     3 ||    49
       Throwing net      |       |       |       |     3 ||     3
Invok: Slouch            |       |       |       |     3 ||     3
  Use: Potion            |     3 |     3 |     4 |     5 ||    15
       Scroll            |       |       |    12 |    16 ||    28
 Stab: Confused          |       |       |       |     3 ||     3
       Sleeping          |       |       |       |     2 ||     2
       Distracted        |       |       |       |     2 ||     2
  Eat: Chunk             |     1 |     5 |     7 |    16 ||    29
       Bread ration      |       |       |     1 |       ||     1
       Fruit             |       |       |       |     3 ||     3
       Pizza             |       |       |       |     1 ||     1
Armor: Leather armour    |    33 |       |       |       ||    33
       Scale mail        |     9 |    60 |    77 |       ||   146
       Plate armour      |       |       |   196 |    89 ||   285
       Ring mail         |       |       |       |   157 ||   157
       Troll leather arm |       |       |       |    67 ||    67
Dodge: Dodged            |    74 |    87 |   257 |   654 ||  1072
